 Dungeon Crawl Stone Soup version 0.30.0-10-gfe55d96785 (webtiles) character file.

Game seed: 10005800300626532544

6 AlmostDecent the Shooter (level 1, -2/13 HPs)
             Began as a Gargoyle Hunter on May 13, 2023.
             Slain by a gnoll
             ... wielding a +0 spear
              (8 damage)
             ... on level 1 of the Dungeon.
             The game lasted 00:01:21 (202 turns).

AlmostDecent the Shooter (Gargoyle Hunter)           Turns: 202, Time: 00:01:22

Health: -2/13      AC:  5    Str: 14    XL:     1   Next: 90%
Magic:  1/1        EV: 11    Int:  9    God:
Gold:   26         SH:  0    Dex: 13    Spells: 0/0 levels left

rFire   . . .        a - +0 shortbow
rCold   . . .        (shield currently unavailable)
rNeg    + . .        c - +0 leather armour
rPois   ∞            (no helmet)
rElec   +            (no cloak)
rCorr   .            (no gloves)
SInv    .            (no boots)
Will    .....        (no amulet)
Stlth   +            (no ring)
HPRegen 0.22/turn    (no ring)
MPRegen 0.07/turn

%: no passive effects
@: no status effects
A: sickness immunity, AC +2, negative energy resistance 1, electricity
resistance, torment resistance 1, petrification resistance
a: no special abilities


You were on level 1 of the Dungeon.
You visited 1 branch of the dungeon, and saw 1 of its levels.

You collected 26 gold pieces.

Inventory:

Hand Weapons
 a - a +0 shortbow (weapon)
Armour
 c - a +0 leather armour (worn)
Scrolls
 b - a scroll of immolation
 f - a scroll of enchant weapon {unknown}
 g - a scroll of noise {unknown}
Potions
 d - a potion of lignification {unknown}
 e - a potion of attraction {unknown}
 h - a potion of curing {unknown}


   Skills:
 + Level 2.3 Fighting
 * Level 4.2 Ranged Weapons
 + Level 1.7 Dodging
 + Level 1.1 Stealth


You couldn't memorise any spells.
You didn't know any spells.
Your spell library was empty.

Dungeon Overview and Level Annotations

Branches:
Dungeon (1/15)

Altars:


Innate Abilities, Weirdness & Mutations

You are immune to sickness and miasma.
Your stone body is resilient. (AC +2)
You are immune to poison.
You resist negative energy. (rN+)
You are resistant to electric shocks. (rElec)
You are resistant to unholy torment.
You are immune to petrification.


Message History

Found 15 gold pieces and a clear potion.
You shoot an arrow. The arrow hits the hobgoblin.
You kill the hobgoblin!
No target in view!
No target in view!
No target in view!
No target in view!
You now have 26 gold pieces (gained 15).
h - a clear potion A gnoll comes into view.
It is wielding a +0 spear.
You shoot an arrow.
The arrow hits the gnoll but does no damage.
The gnoll shouts!
The gnoll hits you from afar with a +0 spear.
The gnoll hits you from afar with a +0 spear!
Ouch! That really hurt!
You are too injured to fight recklessly!
You are too injured to fight recklessly!
You are too injured to fight recklessly!
You are too injured to fight recklessly!
You are too injured to fight recklessly!
Fire: a) +0 shortbow
Press: ? - help, Q - select action Shift-Dir - straight line, f/p - gnoll
Aim: a gnoll, wielding a +0 spear (64% to hit)
You shoot an arrow. The arrow hits the gnoll.
The gnoll is moderately wounded.
The gnoll closely misses you.
Fire: a) +0 shortbow
Press: ? - help, Q - select action Shift-Dir - straight line, f/p - gnoll
Aim: a gnoll, wielding a +0 spear (moderately wounded, 64% to hit)
You shoot an arrow. The arrow closely misses the gnoll.
The gnoll closely misses you.
Fire: a) +0 shortbow
Press: ? - help, Q - select action Shift-Dir - straight line, f/p - gnoll
Aim: a gnoll, wielding a +0 spear (moderately wounded, 64% to hit)
You shoot an arrow. The arrow hits the gnoll.
The gnoll is heavily wounded.
The gnoll hits you from afar with a +0 spear!
Ouch! That really hurt!
You die...

##.####### #. ....# #.#
........# #.# #.......#
#.# #.......# #†# ##.
.....# #.# ## ##.. ....#
#.##.##
####...##.#.####.#...###
+......@................
####...##.#.###..#...#.#
##.g#..#..##..##..#.#
##.#...............#
#.#...#####.#####.#
#.#...#...#.#...#.#
#.....#...#.'.>.#.#
###.#.#...#.#...#.#
#.#.##'##.#####.#


You could see a gnoll.

Vanquished Creatures
  A bat (D:1)
  2 hobgoblins (D:1)
  A kobold (D:1)
  A ball python (D:1)
5 creatures vanquished.

Notes
Turn   | Place    | Note
-------+----------+-------------------------------------------
     0 | D:1      | AlmostDecent the Gargoyle Hunter began the quest for the
                  | Orb.
     0 | D:1      | Reached XP level 1. HP: 12/12 MP: 1/1
   202 | D:1      | Slain by a gnoll

Illustrated notes

Levels and vault maps discovered:
D:1:      minmay_arrival_four_houses, layout_loops_corners,
          minmay_stone_trees_large

Action                     || total
---------------------------++-------
   Fire: Shortbow          ||    10
  Dodge: Dodged            ||     2
